 Dungeon Crawl Stone Soup version 0.28.0 (webtiles) character file.

Game seed: 10986480032813411765

9 croobank the Sneak (level 2, 0/14 HPs)
             Began as a Felid Delver on Feb 16, 2022.
             Succumbed to a scorpion's poison
             ... on level 5 of the Dungeon.
             The game lasted 00:00:25 (67 turns).

croobank the Sneak (Felid Delver)                     Turns: 67, Time: 00:00:26

Health: 0/14       AC:  1    Str:  8    XL:     2   Next: 6%
Magic:  3/3        EV: 18    Int: 11    God:
Gold:   15         SH:  0    Dex: 17    Spells: 1/1 levels left
                                        Lives:  0   Deaths: 0

rFire   . . .      SeeInvis +     - Unarmed
rCold   . . .      Faith    .   (shield unavailable)
rNeg    . . .      Spirit   .   (armour unavailable)
rPois   .          Reflect  .   (helmet unavailable)
rElec   .          Harm     .   (cloak unavailable)
rCorr   .          Rampage  .   (gloves unavailable)
Will    .....                   (boots unavailable)
Stlth   ++++......              (no amulet)
HPRegen 0.04/turn               (no ring)
MPRegen 0.08/turn               (no ring)

@: lethally poisoned (0 -> -10), quick
A: very small, claws 1, fangs 3, see invisible, speed 1, shaggy fur 1, stealthy
paws, no weapons or thrown items, no armour, multi-lived
a: no special abilities


You were on level 5 of the Dungeon.
You visited 1 branch of the dungeon, and saw 1 of its levels.

You collected 15 gold pieces.

Inventory:

Wands
 e - a wand of digging (3)
Scrolls
 a - a scroll of fog
 b - a scroll of magic mapping
 c - a scroll of fear
Potions
 d - a potion of haste


   Skills:
 + Level 3.1 Fighting
 + Level 3.0 Dodging
 + Level 6.8 Stealth
 + Level 2.2 Unarmed Combat


You had one spell level left.
You didn't know any spells.
Your spell library was empty.

Dungeon Overview and Level Annotations

Branches:
Dungeon (5/15)
 Temple: D:4-7

Altars:


Innate Abilities, Weirdness & Mutations

You have sharp claws.
You have razor-sharp teeth.
You have supernaturally acute eyesight. (SInv)
You cover ground quickly. (Speed+)
You are covered in fur. (AC +1)
Your paws help you pounce on unaware monsters.
You are incapable of wielding weapons or throwing items.
You cannot wear armour.
You gain extra lives every three experience levels.


Message History

You hear the sound of rushing water.
There is an entrance to a sewer on this level.
Hurry and find it before the portal rusts away!
Welcome, croobank the Felid Delver.
They say the Orb of Zot lies within this dungeon, but they say a lot of things.
Press ? for a list of commands and other information.
Found 15 gold pieces.
Found a stone staircase leading down.
You now have 15 gold pieces.
A necrophage comes into view.
An adder comes into view.
You pounce on the unaware helpless adder!
You mangle the adder!!
You kill the adder!
Your Dodging skill increases to level 3!
You have reached level 2!
You see here an adder corpse.
A scorpion comes into view.
An ice beast comes into view.
You hear the slow rusting of a very distant drain.
The scorpion misses you. The scorpion stings you!
Ouch! That really hurt!
You are lethally poisoned!
The scorpion poisons you!
Found 17 gold pieces.
* * * LOW HITPOINT WARNING * * *
You feel very sick.
You die...

#.......# #.#
#.#.#########.####
#.# ........##.#
#.# #####.#.##.#
#.# #....##.# #.#
#..#....# #.#
.....#.##s# #.#
##### #.##.# #.#
#.##@# #.# #.##.#
#.# #.##.# #.#
..##.# #.# ## #Y#
#.# #.# ###.#####
$.. ........# ###
........#


You could see an ice beast (asleep) and a scorpion.

Vanquished Creatures
  An adder (D:5)
1 creature vanquished.

Notes
Turn   | Place    | Note
-------+----------+-------------------------------------------
     0 | D:5      | croobank the Felid Delver began the quest for the Orb.
     0 | D:5      | Reached XP level 1. HP: 10/10 MP: 2/2
    15 | D:5      | Noticed a necrophage
    47 | D:5      | Reached XP level 2. HP: 14/14 MP: 3/3
    55 | D:5      | Noticed a scorpion
    60 | D:5      | Noticed an ice beast
    67 | D:5      | Succumbed to a scorpion's poison

Illustrated notes

Levels and vault maps discovered:
D:5:      layout_basic, gammafunk_temple_overflow_statue, portal_sewer_entry_f,
          minmay_misc_feat_x

Skill      XL: |  1 |
---------------+----+-----
Dodging        | 3 |  3.0
Fighting       | |  3.1
Stealth        | |  6.8
Unarmed Combat | |  2.2

Action                   || total
-------------------------++-------
Melee: Unarmed           ||     1
 Stab: Sleeping          ||     1
Dodge: Dodged            ||     1
